 Dungeon Crawl Stone Soup version 0.22-a0-389-g8519d86 (webtiles) character file.

521 Falco the Ruffian (level 7, -5/52 HPs)
             Began as a Purple Draconian Transmuter on Apr 30, 2018.
             Was an Initiate of Yredelemnul.
             Slain by an ice beast (18 damage)
             ... on level 5 of the Dungeon.
             The game lasted 00:34:21 (4140 turns).

Falco the Ruffian (Purple Draconian Transmuter)     Turns: 4140, Time: 00:34:23

Health: -5/52      AC:  6    Str: 13    XL:     7   Next: 1%
Magic:  2/13       EV: 13    Int: 14    God:    Yredelemnul [......]
Gold:   306        SH:  0    Dex: 12    Spells: 0/15 levels left

rFire    + . .     SeeInvis .     - Unarmed
rCold    x . .     Gourm    .   (no shield)
rNeg     . . .     Faith    .   (armour unavailable)
rPois    .         Spirit   .   (helmet restricted)
rElec    .         Reflect  .   (no cloak)
rCorr    .         Harm     .   (no gloves)
MR       +....                  (no boots)
Stlth    ++........             t - amulet of the acrobat
HPRegen  0.17/turn              i - ring of fire
MPRegen  0.13/turn              s - ring of flight

@: short of breath, appendage (expiring), very slightly contaminated, slowed,
very slow
A: breathe power, unfitting armour, horns 2, cold-blooded, AC +6
a: Breathe Dispelling Energy, End Transformation, Renounce Religion, Evoke
Flight


You were on level 5 of the Dungeon.
You worshipped Yredelemnul.
Yredelemnul was noncommittal.
You were not hungry.
You had grown temporary horns.
You visited 2 branches of the dungeon, and saw 6 of its levels.

You collected 306 gold pieces.

Inventory:

Hand Weapons
 d - a +0 short sword
 g - a +0 vampiric dagger
 z - a +2 hand axe of draining
Missiles
 a - 75 arrows
 e - 108 stones (quivered)
 q - 42 bolts
Jewellery
 i - a ring of fire (left hand)
 j - a +2 amulet of reflection
 s - a ring of flight (right hand)
 t - an amulet of the acrobat (around neck)
 A - an uncursed ring of see invisible {unknown}
 B - an uncursed ring of protection from magic {unknown}
Wands
 v - a wand of acid (4)
Scrolls
 k - a scroll of random uselessness {unknown}
 p - a scroll of immolation {unknown}
 r - 4 scrolls of identify
 u - a scroll of remove curse {unknown}
 x - 2 scrolls of teleportation {unknown}
 y - a scroll of enchant weapon {unknown}
 C - a scroll of amnesia {unknown}
Potions
 b - a potion of degeneration {unknown}
 f - 2 potions of haste {unknown}
 h - 2 potions of curing
 l - 3 potions of lignification {unknown}
 m - 2 potions of flight {unknown}
 n - a potion of mutation {unknown}
 o - a potion of heal wounds {unknown}
 w - a potion of ambrosia {unknown}
Comestibles
 c - 3 rations


   Skills:
 + Level 1.5 Fighting
 + Level 3.1 Dodging
 + Level 1.5 Stealth
 + Level 5.1 Unarmed Combat
 + Level 4.5 Spellcasting
 + Level 3.4 Transmutations
 + Level 0.8 Poison Magic


You couldn't memorise any spells.
You knew the following spells:

 Your Spells              Type           Power        Failure   Level  Hunger
a - Beastly Appendage     Tmut           ##....       4%          1    None
b - Sticks to Snakes      Tmut           ##......     7%          2    ##.....
c - Spider Form           Tmut/Pois      #.........   22%         3    ###....
d - Ice Form              Ice/Tmut       #.......     65%         4    ####...
e - Blade Hands           Tmut           ##........   77%         5    ######.


Dungeon Overview and Level Annotations

Branches:
Dungeon (5/15)             Temple (1/1) D:4

Altars:
Ashenzari
Cheibriados
Dithmenos
Elyvilon
Fedhas
Gozag
Hepliaklqana
Kikubaaqudgha
Makhleb
Nemelex Xobeh
Okawaru
Qazlal
Ru
Sif Muna
Trog
Uskayaw
Vehumet
Wu Jian
Xom
Yredelemnul
Zin
The Shining One


Innate Abilities, Weirdness & Mutations

You can breathe bolts of dispelling energy.
Your rich purple scales are hard. (AC +6)
You cannot fit into any form of body armour.
You are cold-blooded and may be slowed by cold attacks.
You have a pair of horns on your head.


Message History

You closely miss the ice beast.
The ice beast is moderately wounded.
The crimson imp hits you but does no damage.
The ice beast closely misses you.
You closely miss the ice beast.
The ice beast is moderately wounded.
The crimson imp closely misses you.
The ice beast hits you but does no damage.
You hit the ice beast.
Your tail-slap misses the ice beast.
The ice beast is moderately wounded.
The crimson imp hits you.
* * * LOW HITPOINT WARNING * * *
You closely miss the ice beast.
The ice beast is moderately wounded.
The ice beast hits you.
* * * LOW HITPOINT WARNING * * *
The ice beast freezes you!!
You feel a terrible chill!
You feel yourself slow down.
You die...
Your body rises from the dead as a mindless zombie.

.. ..#.# ... #.#.#
#.#.##.#.#
#......#.########
#.............###.
#................
#.............#
#....##...5...#
#.......Y@....#
#.....#...#...#
#.....#...#...#
#.......#<....#
#####....######.).#
##.......##.......)#
##..♣...♣..######.#)#######
#...........# #.#†#.)...#
#.....♣.....# #.#.#)###.#


You could see an ice beast and a crimson imp.

Vanquished Creatures
  2 ogres
  A big kobold (D:5)
  A hound (D:5)
  2 worker ants
  8 adders
  2 worms
  3 dart slugs
  4 leopard geckos
  An orc (D:4)
  10 bats
  5 giant cockroaches
  8 goblins
  5 hobgoblins
  3 quokkas
  3 ball pythons (D:3)
  5 frilled lizards
  A jackal zombie (D:5)
  10 kobolds
  9 rats
83 creatures vanquished.

Vanquished Creatures (collateral kills)
  A wyvern zombie (D:4)
  A bullfrog skeleton (D:4)
  An adder (D:5)
  An adder skeleton (D:4)
  A dart slug (D:1)
  An orc (D:4)
  A giant cockroach (D:4)
  4 kobolds (D:5)
  A bat (D:1)
12 creatures vanquished.

Grand Total: 95 creatures vanquished

Notes
Turn   | Place    | Note
-------+----------+-------------------------------------------
     0 | D:1      | Falco the Draconian Transmuter began the quest for the Orb.
     0 | D:1      | Reached XP level 1. HP: 16/16 MP: 3/3
   133 | D:1      | Reached XP level 2. HP: 19/23 MP: 3/5
   139 | D:1      | Learned a level 2 spell: Sticks to Snakes
   679 | D:2      | Reached XP level 3. HP: 20/28 MP: 6/6
   898 | D:2      | Found a hide-covered altar of Uskayaw.
  1144 | D:2      | Reached XP level 4. HP: 35/35 MP: 7/7
  1827 | D:3      | Reached skill level 4 in Unarmed Combat
  1951 | D:3      | Found a stormy altar of Qazlal.
  2425 | D:4      | Learned a level 3 spell: Spider Form
  2492 | D:4      | Noticed an ogre
  2508 | D:4      | Killed an ogre
  2508 | D:4      | Reached skill level 1 in Stealth
  2508 | D:4      | Reached XP level 5. HP: 40/40 MP: 2/9
  2717 | D:4      | Reached XP level 6. HP: 18/47 MP: 1/10
  2751 | D:4      | Found a staircase to the Ecumenical Temple.
  3168 | Temple   | Entered the Ecumenical Temple
  3433 | Temple   | Became a worshipper of Yredelemnul the Dark
  3481 | D:5      | Entered Level 5 of the Dungeon
  3507 | D:5      | Reached skill level 5 in Unarmed Combat
  3589 | D:5      | Learned a level 4 spell: Ice Form
  3996 | D:5      | Noticed an ice beast
  4054 | D:5      | Your scales start taking on a rich purple colour.
  4054 | D:5      | Reached XP level 7. HP: 36/52 MP: 2/13
  4064 | D:5      | Learned a level 5 spell: Blade Hands
  4140 | D:5      | Slain by an ice beast

Vault maps used:
D:1:      dpeg_arrival_simpleton_c
D:2:      eat_drink_and_be_merry_uskayaw, grunt_ministairs_11
D:3:      lemuel_statue_altar
D:4:      temple_pool_b
D:5:      first_ration, grunt_ministairs_10, uniq_sigmund
Temple:   kilobyte_greek_temple

Skill      XL: |  1  2  3  4  5  6 |
---------------+-------------------+-----
Dodging        | 2 3 |  3.1
Unarmed Combat | 4 5 |  5.1
Stealth        | 1 |  1.5
Spellcasting   | 3 4 |  4.5
Transmutations | 3 |  3.4
Fighting       | |  1.5
Poison Magic   | |  0.8

Action                   |  1- 3 |  4- 6 |  7- 9 || total
-------------------------+-------+-------+-------++-------
Melee: Unarmed           |   129 |   159 |    22 ||   310
       Tailslap          |    12 |     9 |     1 ||    22
       Kick              |     3 |     9 |       ||    12
       Punch             |     1 |     2 |     1 ||     4
       Headbutt          |       |     2 |       ||     2
 Cast: Beastly Appendage |    12 |    11 |     1 ||    24
       Sticks to Snakes  |     5 |    21 |     2 ||    28
       Spider Form       |       |     6 |       ||     6
 Abil: Breathe Dispellin |       |       |     2 ||     2
  Use: Scroll            |       |     6 |       ||     6
       Potion            |       |     1 |     1 ||     2
 Stab: Sleeping          |     3 |     3 |       ||     6
       Distracted        |       |     1 |       ||     1
  Eat: Ration            |     1 |     3 |       ||     4
Armor: Skin              |    52 |    51 |    14 ||   117
Dodge: Dodged            |   102 |   133 |    25 ||   260

Table legend:
 A = Spawn XP
 B = Non-spawn XP
 C = Spawn XP percentage of total XP
 D = Spawn monster count
 E = Non-spawn monster count
 F = Spawn count percentage of total count
 G = Total turns spent on level
                    A         B        C        D         E        F      G
               +---------+---------+-------+---------+---------+-------+---------
         Total |       0 |     745 |   0.0 |       0 |      95 |   0.0 |  4140
               +---------+---------+-------+---------+---------+-------+---------
           D:1 |       0 |      36 |   0.0 |       0 |      23 |   0.0 |   637
           D:2 |       0 |      76 |   0.0 |       0 |      24 |   0.0 |  1090
           D:3 |       0 |      71 |   0.0 |       0 |      20 |   0.0 |   693
           D:4 |       0 |     252 |   0.0 |       0 |      11 |   0.0 |   764
           D:5 |       0 |     310 |   0.0 |       0 |      17 |   0.0 |   659
               +---------+---------+-------+---------+---------+-------+---------
